 Dungeon Crawl Stone Soup version 0.17-a0-1685-g57e755e (webtiles) character file.

417 Kidiri the Sneak (level 6, -3/28 HPs)
             Began as a Spriggan Enchanter on Aug 20, 2015.
             Slain by a gnoll
             ... wielding a +0 flail of crushing
              (4 damage)
             ... on level 3 of the Dungeon.
             The game lasted 00:14:18 (4313 turns).

Kidiri the Sneak (Spriggan Enchanter)               Turns: 4313, Time: 00:14:18

Health: -3/28      AC:  4    Str:  4    XL:     6   Next: 61%
Magic:  1/13       EV: 21    Int: 22    God:
Gold:   149        SH:  0    Dex: 18    Spells: 4 memorised, 5 levels left

rFire  . . .     SeeInvis +     f - +1 short sword
rCold  . . .     Clarity  .     b - +2 robe
rNeg   . . .     SustAt   .     (shield restricted)
rPois  .         Gourm    .     (helmet restricted)
rElec  .         Spirit   .     (no cloak)
rCorr  +         Warding  .     (gloves unavailable)
rMut   .         Stasis   .     (boots unavailable)
MR     +....                    h - amulet of resist corrosion
Stlth  +++++.....               (no ring)
                                i - ring of stealth

@: brilliant, very quick, somewhat resistant to hostile enchantments, quite
stealthy
A: unfitting armour, see invisible, herbivore 3, speed 3, slow metabolism 2
a: no special abilities


You were on level 3 of the Dungeon.
You were full.

You visited 1 branch of the dungeon, and saw 3 of its levels.

You collected 149 gold pieces.

Inventory:

Hand weapons
 a - a +1 dagger
 f - a +1 short sword (weapon)
Armour
 b - a +2 robe (worn)
Jewellery
 h - an amulet of resist corrosion (around neck)
 i - a ring of stealth (left hand)
Scrolls
 e - a scroll of fog
 l - a scroll of remove curse
 o - a scroll of recharging
Books
 c - a book of Maledictions

   Spells                             Type                      Level
   a - Corona                         Hexes                        1
   b - Ensorcelled Hibernation        Hexes/Ice                    2
   c - Confuse                        Hexes                        3
   d - Tukima's Dance                 Hexes                        3
   e - Dazzling Spray                 Conjuration/Hexes            3
Comestibles
 d - 2 bread rations


   Skills:
 + Level 2.6 Short Blades
 * Level 5.0 Dodging
 * Level 6.7 Stealth
 * Level 4.5 Spellcasting
 + Level 4.4 Hexes
 + Level 2.0 Ice Magic


You had 5 spell levels left.
You knew the following spells:

 Your Spells              Type           Power        Failure   Level  Hunger
a - Corona                Hex            #####..      1%          1    None
b - Ensorcelled Hibernat  Hex/Ice        ####..       1%          2    None
c - Confuse               Hex            #####...     1%          3    ##.....
d - Tukima's Dance        Hex            #####...     1%          3    ##.....


Dungeon Overview and Level Annotations

Branches:
Dungeon (3/15)

Altars:
Okawaru


Innate Abilities, Weirdness & Mutations

You are tiny and cannot use many weapons and most armour.
You have supernaturally acute eyesight.
You are a herbivore.
You cover ground extremely quickly.
You need consume almost no food.


Message History

Casting: Ensorcelled Hibernation
Confirm with . or Enter, or press ? or * to list all spells.
Aiming: Ensorcelled Hibernation
Press: ? - help, Shift-Dir - straight line, f - kobold, p - big kobold
Aim: a kobold (chance to defeat MR: 76%)
The kobold looks drowsy...
The big kobold misses you.
The helpless kobold fails to defend itself.
You impale the kobold!!
You kill the kobold!
The big kobold barely misses you.
You barely miss the gnoll. The gnoll closely misses you.
The big kobold misses you.
You barely miss the gnoll. The big kobold closely misses you.
The gnoll hits you with a flail of crushing.
You closely miss the gnoll.
The big kobold hits you but does no damage.
The gnoll hits you with a flail of crushing!
Ouch! That really hurt!
* * * LOW HITPOINT WARNING * * *
You die...

##### ###############$$$#
..............#$$$#
..............#$K$
..............##g#
...########....K@# ...#
#......# ...########.....(#
..............##+##
..............#..)#
..............#...#≈≈≈≈≈≈≈≈≈#
###############...#≈≈≈≈≈≈≈≈≈#
≈≈≈≈≈≈≈≈≈≈≈≈≈≈#####≈≈≈≈≈≈≈≈≈#
≈≈≈≈≈≈≈≈≈≈≈≈≈≈≈≈≈≈≈≈≈≈≈≈≈≈≈≈#


You could see a big kobold, a gnoll and a kobold.

Vanquished Creatures
  2 big kobolds (D:3)
  Robin (D:3)
  7 gnolls
  6 adders (D:2)
  2 oozes
  3 worms
  A giant gecko (D:1)
  12 bats
  A giant cockroach (D:1)
  5 hobgoblins
  17 jackals
  16 kobolds
  A giant newt (D:2)
  27 goblins
  7 rats
108 creatures vanquished.

Vanquished Creatures (collateral kills)
  A big kobold (D:3)
  A goblin (D:3)
2 creatures vanquished.

Grand Total: 110 creatures vanquished

Notes
Turn   | Place    | Note
--------------------------------------------------------------
     0 | D:1      | Kidiri the Spriggan Enchanter began the quest for the Orb.
     0 | D:1      | Reached XP level 1. HP: 9/9 MP: 5/5
   269 | D:1      | Reached XP level 2. HP: 5/13 MP: 6/6
   273 | D:1      | Learned a level 2 spell: Ensorcelled Hibernation
  1023 | D:1      | Reached skill level 5 in Stealth
  1228 | D:1      | Reached XP level 3. HP: 16/16 MP: 8/8
  1233 | D:1      | Learned a level 3 spell: Confuse
  1679 | D:2      | Found an iron altar of Okawaru.
  1788 | D:2      | Reached skill level 1 in Ice Magic
  1861 | D:2      | Reached XP level 4. HP: 21/21 MP: 6/9
  1866 | D:2      | Learned a level 3 spell: Tukima's Dance
  2332 | D:2      | HP: 1/21 [poison (a potion of poison)]
  2660 | D:2      | Reached XP level 5. HP: 24/24 MP: 2/11
  2693 | D:2      | Reached skill level 6 in Stealth
  3080 | D:3      | Noticed Robin
  3088 | D:3      | Killed Robin
  4290 | D:3      | Reached XP level 6. HP: 28/28 MP: 8/13
  4297 | D:3      | Reached skill level 5 in Dodging
  4313 | D:3      | HP: 1/28 [gnoll/flail of crushing (14)]
  4313 | D:3      | Slain by a gnoll

Vault maps used:
D:1:      lightli_arrival_flooded_house, interstate_on_off
D:2:      okawaru_gym_becter
D:3:      minmay_goblin_kobold_castle, first_bread, hex_large, uniq_robin

Action                   |  1- 3 |  4- 6 || total
-------------------------+-------+-------++-------
Melee: Dagger            |   106 |   136 ||   242
       Short sword       |       |    24 ||    24
 Cast: Corona            |     2 |       ||     2
       Ensorcelled Hiber |    15 |    47 ||    62
       Confuse           |       |     8 ||     8
       Tukima's Dance    |       |     2 ||     2
  Use: Scroll            |     5 |     7 ||    12
       Potion            |     1 |     4 ||     5
 Stab: Sleeping          |    25 |    44 ||    69
       Confused          |       |     6 ||     6
  Eat: Royal jelly       |       |     1 ||     1
       Bread ration      |       |     1 ||     1
       Pizza             |       |     1 ||     1
